 Dungeon Crawl Stone Soup version 0.24-a0-365-ga4d96b6e6e (webtiles) character file.

Game seed: 4428140033264057665

3597 Azzok the Transmogrifier (level 9, -10/42 HPs)
             Began as a Felid Transmuter on May 26, 2019.
             Mangled by a blink frog (16 damage)
             ... on level 1 of the Lair of Beasts on May 27, 2019.
             The game lasted 00:26:13 (17157 turns).

Azzok the Transmogrifier (Felid Transmuter)        Turns: 17157, Time: 00:26:14

Health: -10/42     AC:  7    Str: 10    XL:     9   Next: 85%
Magic:  9/13       EV: 11    Int: 18    God:
Gold:   562        SH:  2    Dex: 17    Spells: 3/12 levels left
                                        Lives:  0   Deaths: 3

rFire    x . .     SeeInvis +     - Unarmed
rCold    + + +     Gourm    .   (shield unavailable)
rNeg     . . .     Faith    .   (armour unavailable)
rPois    +         Spirit   .   (helmet unavailable)
rElec    .         Reflect  +   (cloak unavailable)
rCorr    .         Harm     .   (gloves unavailable)
MR       ++...                  (boots unavailable)
Stlth    ++++......             y - +2 amulet of reflection
HPRegen  0.14/turn              v - ring of protection from magic
MPRegen  0.13/turn              u - +4 ring of strength

@: ice-form
A: large, no armour, no weapons or thrown items, stealth, see invisible,
carnivore, slow metabolism 1
a: End Transformation


You were on level 1 of the Lair of Beasts.
You were not hungry.
You were a creature of crystalline ice.
You visited 2 branches of the dungeon, and saw 12 of its levels.

You collected 562 gold pieces.

Inventory:

Missiles
 a - 191 arrows
Jewellery
 d - an uncursed ring of wizardry
 o - an uncursed ring of flight
 u - a +4 ring of strength (right front paw)
 v - a ring of protection from magic (left front paw)
 y - a +2 amulet of reflection (around neck)
Wands
 p - a wand of digging (9)
 w - a wand of random effects (22)
Scrolls
 k - 2 scrolls of immolation {unknown}
 m - a scroll of random uselessness {unknown}
 n - 5 scrolls of remove curse
 q - 4 scrolls of teleportation
 r - 6 scrolls of fog {unknown}
 t - a scroll of vulnerability {unknown}
 z - a scroll of fear {unknown}
 B - a scroll of noise {unknown}
Potions
 b - a potion of haste
 f - a potion of berserk rage {unknown}
 g - 2 potions of resistance
 h - 4 potions of lignification
 j - 2 potions of invisibility
 l - 9 potions of curing
 s - a potion of mutation {!q}
 x - 2 potions of might
Comestibles
 c - 26 rations


   Skills:
 - Level 1.0 Fighting
 - Level 2.6 Dodging
 + Level 9.0 Stealth
 + Level 11.0 Unarmed Combat
 - Level 2.0 Spellcasting
 + Level 11.7 Transmutations
 - Level 6.0 Ice Magic


You had 3 spell levels left.
You knew the following spells:

 Your Spells              Type           Power        Failure   Level  Hunger
a - Spider Form           Tmut/Pois      ###.......   4%          3    ###....
b - Ice Form              Ice/Tmut       ####....     4%          4    #####..
l - Sticks to Snakes      Tmut           #####...     1%          2    ###....

Your spell library contained the following spells:

 Spells                   Type           Power        Failure   Level  Hunger
 Beastly Appendage        Tmut           #####.       1%          1    #......
 Sting                    Conj/Pois      #...         19%         1    #......
 Blink                    Tloc           N/A          26%         2    ###....
 Poisonous Vapours        Pois/Air       #.....       26%         2    ###....
 Shroud of Golubria       Chrm/Tloc      #.........   26%         2    ###....
 Gell's Gravitas          Tloc           #.........   47%         3    ###....
 Lesser Beckoning         Tloc           #.........   47%         3    ###....
 Mephitic Cloud           Conj/Pois/Air  #.......     47%         3    ###....
 Teleport Other           Tloc           #.......     47%         3    ###....
 Blade Hands              Tmut           #####.....   4%          5    ######.
 Olgreb's Toxic Radiance  Pois           #.......     87%         4    #####..
 Passage of Golubria      Tloc           N/A          87%         4    #####..
 Venom Bolt               Conj/Pois      #.........   99%         5    ######.


Dungeon Overview and Level Annotations

Branches:
Dungeon (11/15)              Lair (1/6) D:10
 Temple: D:4-7          Orc: D:9-12

Altars:
Dithmenos
Gozag
Hepliaklqana
Nemelex Xobeh
Okawaru
Qazlal
Ru
Vehumet
Wu Jian
Xom
Zin

Shops:
D:9 [

Annotations:
D:8 exclusion: ice statue


Innate Abilities, Weirdness & Mutations

You cannot wear armour.
You are incapable of wielding weapons or throwing items.
Your paws allow you to move quietly. (Stealth)
((You have sharp claws.))
((You have razor-sharp teeth.))
You have supernaturally acute eyesight. (SInv)
You are carnivorous and can eat meat at any time.
((You cover ground quickly.))
((You are covered in thick fur. (AC +2)))
You have a slow metabolism.
((Your sharp claws are effective at attacking unaware monsters.))


Message History

You closely miss the blink frog. The bullfrog misses you.
The blink frog hits you.
* * * LOW HITPOINT WARNING * * *
The blink frog blinks!
The bullfrog barely misses you. The blink frog barely misses you.
You pummel the blink frog!! You freeze the blink frog.
The blink frog is almost dead.
The blink frog closely misses you.
You hit the blink frog. You freeze the blink frog.
The blink frog is almost dead.
The blink frog blinks!
The blink frog hits you.
* * * LOW HITPOINT WARNING * * *
The bullfrog completely misses you. The blink frog barely misses you.
You hear the brisk rumble of a distant avalanche of rocks.
The blink frog blinks!
You punch the blink frog! You freeze the blink frog.
The blink frog is almost dead.
The blink frog blinks!
The blink frog hits you!
You die...

···▒ ▒·▒▒▒······▒ ··▒
▒▒·▒ ▒▒▒···▒▒ ▒
▒·▒▒▒▒▒▒▒▒··▒ ▒▒·P▒ ▒·
▒·▒·▒·▒▒·▒▒·▒ ▒·▒▒ ▒▒·▒
▒·····÷·····▒ ▒·▒
▒▒▒▒▒▒··)▒▒··▒▒▒▒▒▒▒▒▒▒
▒▒·▒
▒▒·▒·▒···▒·▒··▒▒·▒▒
▒··▒
▒·▒·▒·▒·····▒·!···▒▒
▒▒·▒
▒·▒·▒···▒·▒·▒▒▒Y·F▒
▒·▒▒▒ ▒)▒·▒·▒···▒▒
▒▒F▒▒ ▒···· ▒·▒···▒·▒·▒
▒FF▒ ▒··>·
▒·▒·▒·▒···▒·▒▒ ▒§▒▒
▒▒▒(· ▒·····▒·▒·▒·▒ ▒F▒
▒·▒ ▒▒·· ▒·▒·▒·▒·▒·▒▒
▒·▒ ▒·P·▒···
▒·▒·▒·▒·▒·▒ ▒·▒
········ ·▒·▒·▒·▒·▒▒
▒·▒ P·▒·····
··▒·▒·▒·▒·▒ ▒·▒▒
▒·····▒·


You could see 4 blink frogs and a bullfrog.

Vanquished Creatures
  Pikel (D:7)
  Joseph (D:7)
  A spiny frog (Lair:1)
  A troll (D:6)
  Prince Ribbit (D:6)
  A blink frog (Lair:1)
  Grinder (D:6)
  3 hippogriffs
  3 yaks (Lair:1)
  Edmund (D:6)
  Duvessa (D:6)
  3 water moccasins
  2 ice beasts
  5 porcupines (D:10)
  A hornet zombie (D:10)
  6 orc warriors
  2 sky beasts
  2 black bears (D:10)
  An eye of draining (D:10)
  5 ogres
  A phantom (D:8)
  A necrophage (D:8)
  2 crocodiles
  4 centaurs
  Blork the orc (D:6)
  9 bullfrogs
  2 water moccasin zombies
  Dowan (D:6)
  2 scorpions (D:10)
  5 wights (D:10)
  5 howler monkeys
  A bullfrog zombie (D:8)
  6 crimson imps
  A quasit (D:6)
  4 orc priests
  2 bullfrog skeletons
  4 hounds
  Terence (D:2)
  4 iguanas
  7 orc wizards
  7 worker ants
  A hound zombie (D:10)
  A mummy (D:5)
  A worker ant zombie (D:8)
  Robin (D:2)
  A howler monkey skeleton (D:10)
  A gnoll (D:1)
  15 adders
  2 shadow imps
  2 oozes (D:5)
  5 adder skeletons
  2 worms
  2 dart slugs (D:1)
  5 leopard geckos
  26 orcs
  7 giant cockroaches
  13 goblins
  8 hobgoblins
  25 jackals
  2 quokkas
  9 bats
  7 frilled lizards
  A goblin zombie (D:5)
  11 kobolds
  An orc zombie (D:5)
  8 rats
269 creatures vanquished.

Vanquished Creatures (collateral kills)
  Harold (D:7)
1 creature vanquished.

Vanquished Creatures (others)
  15 fungi (D:10)
  2 plants (D:10)
17 creatures vanquished.

Grand Total: 287 creatures vanquished

Notes
Turn   | Place    | Note
-------+----------+-------------------------------------------
     0 | D:1      | Azzok the Felid Transmuter began the quest for the Orb.
     0 | D:1      | Reached XP level 1. HP: 9/9 MP: 4/4
   506 | D:1      | Reached XP level 2. HP: 12/12 MP: 6/6
  1077 | D:1      | Reached XP level 3. HP: 15/15 MP: 7/7
  1381 | D:1      | Learned a level 3 spell: Spider Form
  1744 | D:2      | Noticed Robin
  1787 | D:2      | Killed Robin
  2142 | D:2      | Reached XP level 4. HP: 14/19 MP: 4/8
  2294 | D:2      | Found a sacrificial altar of Ru.
  2301 | D:2      | Found a radiant altar of Vehumet.
  2389 | D:2      | Noticed Terence
  2408 | D:2      | Killed Terence
  2692 | D:2      | Found an opulent altar of Gozag.
  2878 | D:3      | Reached XP level 5. HP: 13/22 MP: 5/9
  3289 | D:3      | Reached skill level 5 in Unarmed Combat
  3515 | D:3      | Reached skill level 5 in Transmutations
  3918 | D:3      | Gained mutation: You are covered in thick fur. (AC +2)
                  | [Felid growth]
  3918 | D:3      | Reached XP level 6. HP: 20/25 MP: 2/10
  4671 | D:4      | Found a shimmering altar of Xom.
  4672 | D:4      | Found a shimmering altar of Xom.
  4827 | D:4      | Found a shimmering altar of Xom.
  4829 | D:4      | Found a shimmering altar of Xom.
  4829 | D:4      | Found a shimmering altar of Xom.
  4831 | D:4      | Found a shimmering altar of Xom.
  4831 | D:4      | Found a shimmering altar of Xom.
  4846 | D:4      | Found a shimmering altar of Xom.
  4849 | D:4      | Found a shimmering altar of Xom.
  5332 | D:5      | Entered Level 5 of the Dungeon
  6662 | D:5      | Reached XP level 7. HP: 26/28 MP: 11/11
  6815 | D:6      | Noticed Duvessa
  6863 | D:5      | Learned a level 2 spell: Sticks to Snakes
  6868 | D:5      | Learned a level 4 spell: Ice Form
  6924 | D:6      | Noticed Dowan
  7188 | D:6      | Killed Duvessa
  7188 | D:6      | Reached skill level 1 in Ice Magic
  7404 | D:6      | Killed Dowan
  7671 | D:6      | Noticed Blork the orc
  7681 | D:6      | Killed Blork the orc
  7902 | D:6      | Reached XP level 8. HP: 10/32 MP: 8/12
  8202 | D:6      | Noticed a troll
  8514 | D:6      | Noticed Edmund
  8536 | D:6      | Killed Edmund
  8781 | D:6      | Noticed Grinder
  8795 | D:6      | Killed Grinder
  8895 | D:6      | Noticed Prince Ribbit
  8908 | D:6      | Killed Prince Ribbit
  9135 | D:6      | Found a stormy altar of Qazlal.
  9135 | D:6      | Found a shadowy altar of Dithmenos.
  9419 | D:7      | Noticed Joseph
  9444 | D:7      | Killed Joseph
  9444 | D:7      | Reached XP level 9. HP: 15/35 MP: 5/13
  9706 | D:7      | Noticed Harold
  9733 | D:7      | Mangled by Harold
  9734 | D:7      | Reached XP level 8. HP: -10/38 MP: 2/12
  9737 | D:7      | Killed Harold
  9737 | D:7      | Reached skill level 5 in Ice Magic
 10089 | D:7      | Noticed a hippogriff
 10094 | D:7      | Killed a hippogriff
 10094 | D:7      | Reached XP level 9. HP: 29/35 MP: 8/13
 10617 | D:7      | Reached skill level 1 in Stealth
 10738 | D:7      | Noticed Pikel
 10749 | D:7      | Killed Pikel
 11016 | D:7      | HP: 2/42 [orc warrior/+0 short sword (13)]
 11019 | D:7      | Reached skill level 10 in Transmutations
 11020 | D:7      | Slain by an orc priest
 11021 | D:7      | Reached XP level 8. HP: -2/38 MP: 10/12
 11134 | D:8      | Found an iron altar of Okawaru.
 11397 | D:8      | Reached XP level 9. HP: 30/35 MP: 9/13
 11719 | D:8      | Found a hazy altar of Hepliaklqana.
 11737 | D:8      | Reached skill level 5 in Stealth
 12038 | D:8      | Noticed an ice statue
 12331 | D:8      | Found a glowing silver altar of Zin.
 12889 | D:9      | Reached skill level 10 in Unarmed Combat
 13191 | D:9      | Found Isunien's Antique Armour Boutique.
 13869 | D:9      | Found an ornate altar of the Wu Jian Council.
 13875 | D:9      | Found a sparkling altar of Nemelex Xobeh.
 14148 | D:6      | HP: 2/42 [troll (2)]
 14149 | D:6      | Killed a troll
 14566 | D:10     | Entered Level 10 of the Dungeon
 14598 | D:10     | Reached XP level 10. HP: 13/39 MP: 10/14
 15057 | D:10     | Found a staircase to the Lair.
 16261 | D:10     | Noticed a purple ugly thing
 16721 | Lair:1   | Entered Level 1 of the Lair of Beasts
 16796 | Lair:1   | Noticed a spiny frog
 16817 | Lair:1   | Killed a spiny frog
 17107 | Lair:1   | Mangled by a blink frog
 17108 | Lair:1   | Reached XP level 9. HP: -11/42 MP: 12/13
 17108 | Lair:1   | Upgraded the game from 0.24-a0-361-g57161393b2 to
                  | 0.24-a0-365-ga4d96b6e6e
 17157 | Lair:1   | Mangled by a blink frog

Levels and vault maps discovered:
D:1:      lightli_arrival_statue_moat, layout_basic, grunt_decor_fettered
D:2:      layout_basic, grunt_temple_overflow_open, grunt_gozag_breadcrumbs,
          uniq_robin, uniq_terence
D:3:      layout_basic, dk_noncrumbling_4, chequers_serial_rivers_micro_d
D:4:      layout_loops_cross, xom_redecorated, minmay_temple_entry_from_below_a,
          first_ration
D:5:      layout_basic, nicolae_ossuary_entry_giza
D:6:      minmay_opposing_rooms, layout_basic, gammafunk_temple_overflow_wave,
          uniq_edmund, uniq_duvessa, uniq_blork_the_orc, uniq_grinder,
          uniq_prince_ribbit1
D:7:      layout_loops_corners, enter_bailey_6, serial_glass, glass_columns_b,
          glass_columns_a, uniq_harold, uniq_joseph, uniq_pikel
D:8:      lemuel_ice_statue, layout_rooms, kennysheep_okawaru_gauntlet,
          lemuel_round_altar, zin_scriptorium
D:9:      layout_loops_ring, kennysheep_mini, nemelex_xobeh_ov_fountains_minmay,
          serial_shops, shop, grunt_ogre_cave
D:10:     kennysheep_blocky_room, layout_irregular_city,
          due_lair_maze_entry_diamond
D:11:     layout_cave_pools, zombieorc1_lemuel, serial_shops, shop
Lair:1:   layout_loops_ring, gammafunk_ghost_ooze,
          nicolae_volcano_entry_batcave, minivault_23, lemuel_fruit_fields,
          uniq_nergalle

Skill      XL: |  1  2  3  4  5  6  7  8  9 10 |
---------------+-------------------------------+-----
Transmutations | 3 4 5 6 7 9 10 11 | 11.7
Unarmed Combat | 4 5 6 8 10 11 | 11.0
Ice Magic      | 2 5 6 |  6.0
Stealth        | 4 9 8 |  9.0
Fighting       | |  1.0
Dodging        | |  2.6
Spellcasting   | |  2.0

Action                   |  1- 3 |  4- 6 |  7- 9 | 10-12 || total
-------------------------+-------+-------+-------+-------++-------
Melee: Unarmed           |   135 |   232 |   389 |   155 ||   911
       Bite              |     7 |     9 |     2 |     1 ||    19
       Punch             |     1 |     2 |     1 |     1 ||     5
       Headbutt          |     1 |       |       |       ||     1
 Cast: Spider Form       |     4 |    24 |    17 |     2 ||    47
       Beastly Appendage |     1 |       |     1 |       ||     2
       Sticks to Snakes  |       |       |     9 |       ||     9
       Ice Form          |       |       |    38 |    16 ||    54
Evoke: Wand              |       |       |     8 |       ||     8
  Use: Scroll            |       |       |     9 |     8 ||    17
       Potion            |       |       |     1 |       ||     1
 Stab: Sleeping          |     1 |     6 |     7 |     4 ||    18
  Eat: Chunk             |    10 |    11 |    36 |     8 ||    65
Armor: Skin              |     4 |     7 |    66 |    26 ||   103
Dodge: Dodged            |   108 |   177 |   203 |    73 ||   561
Block: Other             |       |       |     4 |     4 ||     8

Table legend:
 A = Non-vault XP
 B = Vault XP
 C = Vault XP percentage of total XP
 D = Non-vault monster count
 E = Vault monster count
 F = Vault count percentage of total count
                 A         B        C        D         E       F
            +---------+---------+-------+---------+---------+-------
      Total |    8011 |    5461 |  40.5 |     218 |      52 |  19.3
            +---------+---------+-------+---------+---------+-------
        D:1 |      47 |       0 |   0.0 |      21 |       0 |   0.0
        D:2 |      41 |      73 |  64.0 |      17 |      12 |  41.4
        D:3 |     239 |       0 |   0.0 |      33 |       0 |   0.0
        D:4 |      58 |       0 |   0.0 |       9 |       0 |   0.0
        D:5 |     285 |      20 |   6.6 |      18 |       3 |  14.3
        D:6 |     442 |    1449 |  76.6 |       3 |      14 |  82.4
        D:7 |    1490 |    1926 |  56.4 |      29 |       3 |   9.4
        D:8 |    1376 |       4 |   0.3 |      22 |       2 |   8.3
        D:9 |    1363 |     122 |   8.2 |      31 |       1 |   3.1
       D:10 |    1249 |    1867 |  59.9 |      28 |      17 |  37.8
       D:11 |      35 |       0 |   0.0 |       1 |       0 |   0.0
     Lair:1 |    1386 |       0 |   0.0 |       6 |       0 |   0.0
            +---------+---------+-------+---------+---------+-------
